 Dungeon Crawl Stone Soup version 0.21-a0-509-gecc5317 (webtiles) character file.

45 Gwenloh the Skirmisher (level 3, -1/29 HPs)
             Began as a Demonspawn Abyssal Knight on Nov 30, 2017.
             Was a Follower of Lugonu.
             Slain by Sigmund
             ... wielding a +0 scythe
              (9 damage)
             ... on level 2 of the Dungeon.
             The game lasted 00:05:23 (1137 turns).

Gwenloh the Skirmisher (Demonspawn Abyssal Knight)  Turns: 1137, Time: 00:05:24

Health: -1/29      AC:  3    Str: 13    XL:     3   Next: 42%
Magic:  4/4        EV: 11    Int: 13    God:    Lugonu [*.....]
Gold:   110        SH:  0    Dex: 12    Spells: 2/2 levels left

rFire    . . .     SeeInvis .   a - +1 mace
rCold    . . .     Gourm    .   (no shield)
rNeg     . . .     Faith    .   b - +0 leather armour
rPois    .         Spirit   .   (no helmet)
rElec    .         Reflect  .   (no cloak)
rCorr    .         Harm     .   (no gloves)
MR       .....                  (no boots)
Stlth    +.........             (no amulet)
HPRegen  0.09/turn              (no ring)
MPRegen  0.09/turn              (no ring)

@: no status effects
A: talons 1
a: Depart the Abyss, Renounce Religion


You were on level 2 of the Dungeon.
You worshipped Lugonu.
Lugonu was aware of your devotion.
You were not hungry.

You visited 1 branch of the dungeon, and saw 2 of its levels.
You visited the Abyss 1 time.

You collected 110 gold pieces.

Inventory:

Hand Weapons
 a - a +1 mace (weapon)
Missiles
 d - 67 stones (quivered)
 e - 27 arrows
Armour
 b - a +0 leather armour (worn)
Scrolls
 g - 2 scrolls of identify {unknown}
 h - 3 scrolls of random uselessness {unknown}
 l - a scroll of teleportation {unknown}
 m - a scroll of magic mapping {unknown}
 o - a scroll of remove curse {unknown}
Potions
 i - a potion of curing {unknown}
 j - a potion of flight {unknown}
 n - a potion of haste {unknown}
Comestibles
 c - 2 bread rations
 f - a meat ration
 k - a royal jelly


   Skills:
 + Level 3.5 Fighting
 + Level 2.5 Maces & Flails
 + Level 2.1 Armour
 + Level 1.1 Dodging
 + Level 0.4 Stealth
 + Level 2.5 Invocations


You had 2 spell levels left.
You didn't know any spells.

Dungeon Overview and Level Annotations

Branches:
Dungeon (2/15)

Altars:
Hepliaklqana
Xom
Yredelemnul

Annotations:
D:2 Sigmund


Innate Abilities, Weirdness & Mutations

You have sharp toenails.


Message History

The kobold is severely wounded.
The kobold hits you.
You hit the kobold but do no damage.
The kobold is heavily wounded.
Something hits you! The kobold barely misses you.
You hit the kobold.
You kill the kobold!
Lugonu accepts your kill. Something hits you.
You are too injured to fight recklessly!
You are too injured to fight recklessly!
You hear some strange, mumbled words.
Something tries to affect you, but you resist.
Things that are here:
a stone; a kobold corpse You hit something.
You claw something. Something hits you but does no damage.
You hit something. Something hits you.
* * * LOW HITPOINT WARNING * * *
Something hits you!
You die...

########
.......##
##.....########
#.#
#....?.@.......
#.#
#..()(.########
#.# #.#.<.##
#.#####.##.##
#.##....##.#
#.##.#####.#
####.##.#####.#
...............
.######.######.


There were no monsters in sight!

Vanquished Creatures
  An adder (D:2)
  A dart slug (D:1)
  2 bats (D:1)
  A giant cockroach (D:1)
  4 goblins (D:1)
  7 hobgoblins
  5 frilled lizards (D:1)
  5 kobolds
  6 rats (D:1)
32 creatures vanquished.

Notes
Turn   | Place    | Note
-------+----------+-------------------------------------------
     0 | Abyss:1  | Gwenloh the Demonspawn Abyssal Knight began the quest for the Orb.
     0 | Abyss:1  | Reached XP level 1. HP: 18/18 MP: 2/2
    52 | Abyss:1  | Noticed a raiju
    55 | D:1      | Escaped the Abyss
   190 | D:1      | Found an opulent altar of Gozag.
   192 | D:1      | Found a shimmering altar of Xom.
   192 | D:1      | Found a shimmering altar of Xom.
   194 | D:1      | Found a hazy altar of Hepliaklqana.
   194 | D:1      | Found a basalt altar of Yredelemnul.
   194 | D:1      | Found a basalt altar of Yredelemnul.
   333 | D:1      | Gained mutation: You have sharp toenails. [demonic ancestry]
   333 | D:1      | Reached XP level 2. HP: 23/24 MP: 3/3
   477 | D:1      | Reached * piety under Lugonu
   534 | D:1      | Reached skill level 1 in Dodging
   750 | D:1      | Reached XP level 3. HP: 29/29 MP: 4/4
  1125 | D:2      | Noticed Sigmund
  1137 | D:2      | Slain by Sigmund

Vault maps used:
D:1:      lemuel_arrival_lava_pool, doesnt_xom_only_xom
D:2:      lemuel_doored_altar, marbit_many_paths,
          nicolae_overflow_crystal_walls, uniq_sigmund

Skill      XL: |  1  2 |
---------------+-------+-----
Dodging        | 1 |  1.1
Armour         | 2 |  2.1
Maces & Flails | 2 |  2.5
Fighting       | |  3.5
Stealth        | |  0.4
Invocations    | |  2.5

Action                   || total
-------------------------++-------
Melee: Mace              ||    70
       Kick              ||     4
Invok: Depart the Abyss  ||     1
 Stab: Sleeping          ||     1
  Eat: Chunk             ||     1
Armor: Leather armour    ||    13
Dodge: Dodged            ||    37

Table legend:
 A = Spawn XP
 B = Non-spawn XP
 C = Spawn XP percentage of total XP
 D = Spawn monster count
 E = Non-spawn monster count
 F = Spawn count percentage of total count
 G = Total turns spent on level
                    A         B        C        D         E        F      G
               +---------+---------+-------+---------+---------+-------+---------
         Total |       0 |      65 |   0.0 |       0 |      32 |   0.0 |  1137
               +---------+---------+-------+---------+---------+-------+---------
           D:1 |       0 |      45 |   0.0 |       0 |      28 |   0.0 |  1000
           D:2 |       0 |      20 |   0.0 |       0 |       4 |   0.0 |    82
               +---------+---------+-------+---------+---------+-------+---------
